 Dungeon Crawl Stone Soup version 0.28.0-45-g0d030f2227 (webtiles) character file.

Game seed: 13142870711552341998

47 Bamboolord the Skirmisher (level 3, 0/29 HPs)
             Began as a Formicid Abyssal Knight on Apr 7, 2022.
             Was a Believer of Lugonu.
             Succumbed to an adder's poison
             ... on level 2 of the Dungeon.
             The game lasted 00:02:11 (1820 turns).

Bamboolord the Skirmisher (Formicid Abyssal Knight) Turns: 1820, Time: 00:02:12

Health: 0/29       AC:  9    Str: 19    XL:     3   Next: 97%
Magic:  4/4        EV:  7    Int:  9    God:    Lugonu [**....]
Gold:   57         SH:  0    Dex: 11    Spells: 2/2 levels left

rFire   . . .      SeeInvis +   a - +1 falchion
rCold   . . .      Faith    .   (no shield)
rNeg    . . .      Spirit   .   g - +0 chain mail
rPois   .          Reflect  .   (helmet unavailable)
rElec   .          Harm     .   (no cloak)
rCorr   .          Rampage  .   (no gloves)
Will    .....                   (no boots)
Stlth   ..........              (no amulet)
HPRegen 0.09/turn               (no ring)
MPRegen 0.09/turn               (no ring)

@: brilliant, lethally poisoned (0 -> -1), flying
A: permanent stasis, dig shafts and tunnels, antennae 3, four strong arms
a: Dig, Shaft Self, Renounce Religion, Depart the Abyss, Bend Space


You were on level 2 of the Dungeon.
You worshipped Lugonu.
Lugonu was pleased with you.
You visited 1 branch of the dungeon, and saw 2 of its levels.
You visited the Abyss 1 time.

You collected 57 gold pieces.

Inventory:

Hand Weapons
 a - a +1 falchion (weapon)
Armour
 g - a +0 chain mail (worn)
Scrolls
 b - a scroll of vulnerability {unknown}
 c - a scroll of identify {unknown}
 f - a scroll of fog {unknown}
Potions
 d - 2 potions of flight


   Skills:
 * Level 3.5 Fighting
 * Level 2.5 Long Blades
 * Level 3.1 Armour
 + Level 1.0 Dodging
 * Level 1.3 Shields
 * Level 2.2 Invocations


You had 2 spell levels left.
You didn't know any spells.
Your spell library contained the following spells:

 Spells                   Type           Power      Damage    Failure   Level
 Animate Skeleton         Necr           0%         N/A       99%         1
 Pain                     Necr           0%         1d4       99%         1
 Spider Form              Tmut/Pois      0%         N/A       100%        3
 Vampiric Draining        Necr           0%         2d6       100%        3
 Dispel Undead            Necr           0%         3d6       100%        4
 Simulacrum               Ice/Necr       0%         N/A       100%        6
 Dragon Form              Tmut           0%         N/A       100%        7


Dungeon Overview and Level Annotations

Branches:
Dungeon (2/15)

Altars:
Wu Jian


Innate Abilities, Weirdness & Mutations

You cannot be hasted, slowed, berserked, paralysed or teleported.
You can dig through walls and to a lower floor.
You have a pair of large antennae on your head. (SInv)
Your four strong arms can wield two-handed weapons with a shield.


Message History

You feel sick. The adder barely misses you.
You miss the adder. Your punch misses the adder.
The adder is severely wounded.
You feel sick.
The adder bites you but does no damage. x2
You closely miss the adder.
The adder is severely wounded.
You feel sick.
You are no longer poisoned.
The adder bites you but does no damage.
You closely miss the adder.
The adder is severely wounded.
The adder bites you. x2
You are poisoned.
The adder poisons you!
You hit the adder but do no damage.
The adder is severely wounded.
* * * LOW HITPOINT WARNING * * *
You feel sick. The adder bites you.
* * * LOW HITPOINT WARNING * * *
The adder bites you but does no damage.
Unknown command.
Okay, then.
It was a potion of flight.
You feel very buoyant.
You fly up into the air.
* * * LOW HITPOINT WARNING * * *
You feel sick. The adder bites you but does no damage.
It was a potion of brilliance.
You feel clever all of a sudden.
* * * LOW HITPOINT WARNING * * *
You feel sick. The adder bites you but does no damage.
Unknown command.
* * * LOW HITPOINT WARNING * * *
You feel sick.
* * * LOW HITPOINT WARNING * * *
You feel sick. The adder barely misses you.
Hit: a) +1 falchion
Press: ? - help, Dir - move target You swing at nothing.
You die...

............# .##..
.....)......# ####....
...........<# #.....>
............# #.....
..........(.# (...
............# #.###
...........# #...###
........S..# ###...#
#########@.# ###..
#####..#### ##.
#.........############.
#(..)..................
#.........#############
########### ########


You could see an adder.

Vanquished Creatures
  An adder skeleton (D:2)
  A worm (D:2)
  3 dart slugs (D:2)
  An orc (D:2)
  A ball python (D:1)
  2 bats (D:2)
  2 endoplasms
  2 giant cockroaches
  7 goblins
  4 hobgoblins
  2 quokkas (D:1)
  2 kobolds
  3 rats
31 creatures vanquished.

Notes
Turn   | Place    | Note
-------+----------+-------------------------------------------
     0 | Abyss:1  | Bamboolord the Formicid Abyssal Knight began the quest for
                  | the Orb.
     0 | Abyss:1  | Reached XP level 1. HP: 18/18 MP: 2/2
    40 | Abyss:1  | Noticed a starcursed mass
    53 | Abyss:1  | Found a corrupted altar of Lugonu.
    68 | D:1      | Escaped the Abyss
    82 | D:1      | Got the Compendium of Shape Shifting and Stolen Souls
   413 | D:1      | Reached XP level 2. HP: 20/24 MP: 3/3
   434 | D:1      | Reached skill level 1 in Shields
   733 | D:1      | Found a faded altar of an unknown god.
  1165 | D:2      | Reached XP level 3. HP: 29/29 MP: 4/4
  1257 | D:2      | Reached skill level 1 in Dodging
  1266 | D:2      | Reached ** piety under Lugonu
  1567 | D:2      | Found an ornate altar of the Wu Jian Council.
  1819 | D:2      | HP: 1/29 [poisoned by an adder]
  1820 | D:2      | Succumbed to an adder's poison

Illustrated notes

Levels and vault maps discovered:
D:1:      lemuel_arrival_funnel, layout_rooms,
          hellmonk_ecumenical_altar_prayer_group
D:2:      layout_rooms, basic_altar, chequers_avenue, uniq_crazy_yiuf_cottage

Skill      XL: |  1  2  3 |
---------------+----------+-----
Shields        | 1 |  1.3
Dodging        | 1 |  1.0
Armour         | 3 |  3.1
Fighting       | |  3.5
Long Blades    | |  2.5
Invocations    | |  2.2

Action                   || total
-------------------------++-------
Melee: Falchion          ||   111
       Punch             ||     2
  Use: Potion            ||     2
Armor: Leather armour    ||    24
       Chain mail        ||    29
Dodge: Dodged            ||    62
